 Dungeon Crawl Stone Soup version 0.18.1-8-gdd0e5ea (webtiles) character file.

59 Gargoyl the Skirmisher (level 3, -2/30 HPs)
             Began as a Demonspawn Abyssal Knight on June 9, 2016.
             Was a Believer of Lugonu.
             Slain by Grinder (4 damage)
             ... on level 3 of the Dungeon.
             The game lasted 00:04:38 (1882 turns).

Gargoyl the Skirmisher (Demonspawn Abyssal Knight)  Turns: 1882, Time: 00:04:39

Health: -2/30      AC: 13    Str: 13    XL:     3   Next: 78%
Magic:  5/5        EV:  3    Int: 13    God:    Lugonu [**....]
Gold:   32         SH:  0    Dex: 12    Spells: 0 memorised, 2 levels left

rFire  . . .     SeeInvis .     a - +1 hand axe
rCold  . . .     Gourm    .     m - +0 plate armour
rNeg   . . .     Faith    .     (no shield)
rPois  .         Spirit   .     (no helmet)
rElec  .         Dismiss  .     (no cloak)
rCorr  .         Reflect  .     s - +0 pair of gloves
SustAt .         Harm     .     (no boots)
MR     .....                    (no amulet)
Stlth  ..........               (no ring)
                                (no ring)

@: flying, not resistant to hostile enchantments, extremely unstealthy
A: molten scales 1
a: Depart the Abyss, Bend Space, Renounce Religion


You were on level 3 of the Dungeon.
You worshipped Lugonu.
Lugonu was pleased with you.
You were not hungry.

You visited 1 branch of the dungeon, and saw 3 of its levels.
You visited the Abyss 1 time.

You collected 32 gold pieces.

Inventory:

Hand Weapons
 a - a +1 hand axe (weapon)
Missiles
 e - 7 tomahawks of returning (quivered)
Armour
 m - a +0 plate armour (worn)
 s - a +0 pair of gloves (worn)
Wands
 f - a wand of confusion (25/48)
Scrolls
 d - 2 scrolls of magic mapping {unknown}
 i - 4 scrolls of identify {unknown}
 n - 2 scrolls of remove curse {unknown}
 p - a scroll of immolation {unknown}
Potions
 g - a potion of flight
 j - a potion of heal wounds {unknown}
 k - a potion of curing {unknown}
 l - a potion of resistance {unknown}
 o - 2 potions of lignification {unknown}
 r - a potion of might {unknown}
Comestibles
 b - a beef jerky
 c - a bread ration
 h - a royal jelly
 q - a slice of pizza


   Skills:
 + Level 3.7 Fighting
 + Level 2.0 Axes
 * Level 2.5 Armour
 + Level 1.1 Dodging
 + Level 2.9 Invocations


You had 2 spell levels left.
You didn't know any spells.

Dungeon Overview and Level Annotations

Branches:
Dungeon (3/15)

Altars:
Okawaru
The Shining One

Annotations:
D:3 Grinder


Innate Abilities, Weirdness & Mutations

You are partially covered in molten scales (AC +1).


Message History

Grinder hits you but does no damage.
You hit Grinder.
Grinder is moderately wounded.
Grinder hits you.
You hit Grinder.
Grinder is moderately wounded.
Grinder says, "Mostly I couldn't keep them alive."
Grinder hits you.
You writhe in agony.
Grinder hits you.
You writhe in agony.
You hit Grinder.
Grinder is heavily wounded.
Grinder hits you.
* * * LOW HITPOINT WARNING * * *
You writhe in agony.
* * * LOW HITPOINT WARNING * * *
A rat comes into view.
Drink which item? (? for menu, Esc to quit)
It was a potion of flight.
You feel very buoyant.
You fly up into the air.
Grinder hits you.
You die...

. .# ##.. .# .
... .# #.
###.##.###### ..
............
##.##........###
.......#........
.##.#...#†###.#
.......<.5@...#
....r.#.#.#####
#.......#.#
........#.#
........###
.........
.#......#
.......#


You could see Grinder and a rat.

Vanquished Creatures
  An adder (D:2)
  An ooze (D:2)
  A worm (D:2)
  5 dart slugs
  3 giant geckos
  A giant cockroach (D:2)
  2 goblins
  3 hobgoblins
  4 jackals
  A quokka (D:2)
  3 bats
  3 giant newts
  A kobold (D:2)
  2 rats (D:2)
31 creatures vanquished.

Notes
Turn   | Place    | Note
--------------------------------------------------------------
     0 | Abyss:1  | Gargoyl the Demonspawn Abyssal Knight began the quest for the Orb.
     0 | Abyss:1  | Reached XP level 1. HP: 18/18 MP: 2/2
    54 | Abyss:1  | Found a corrupted altar of Lugonu.
    92 | Abyss:1  | Noticed a freezing wraith
   137 | Abyss:2  | Noticed an earth elemental
   231 | Abyss:2  | Noticed a thrashing horror
   231 | Abyss:2  | Noticed a shadow dragon
   232 | D:1      | Escaped the Abyss
   399 | D:1      | Reached * piety under Lugonu
   455 | D:1      | Gained mutation: You are partially covered in molten scales (AC +1). [demonic ancestry]
   455 | D:1      | Reached XP level 2. HP: 16/24 MP: 3/3
   720 | D:2      | Reached skill level 1 in Dodging
   825 | D:2      | Found a glowing golden altar of the Shining One.
   875 | D:2      | Found an iron altar of Okawaru.
  1173 | D:2      | Reached XP level 3. HP: 20/29 MP: 5/5
  1863 | D:3      | Noticed Grinder
  1873 | D:3      | Reached ** piety under Lugonu
  1882 | D:3      | Slain by Grinder

Skill      XL: |  1  2 |
---------------+-------+-----
Dodging        | 1 |  1.1
Armour         | 2 |  2.5
Axes           | 2 |  2.0
Fighting       | |  3.7
Invocations    | |  2.9

Action                   || total
-------------------------++-------
Melee: Hand axe          ||   121
Invok: Depart the Abyss  ||     1
  Use: Potion            ||     1
  Eat: Chunk             ||     3
Armor: Ring mail         ||    23
       Plate armour      ||    75
Dodge: Dodged            ||    31
